| TOP OF THE 1ST |
|
Baltimore (APP) Orioles batting - Pitching for Texas (APP) Rangers : RHP Rick Madden
|
|
Pitching: RHP Rick Madden
|
|
|
Batting: RHB Ruben Domingues
|
0-0: Called Strike 0-1: SINGLE (Groundball, 56D, EV 100.0 MPH)
|
|
Batting: LHB Xue-liang Zhou
|
0-0: Ball 1-0: Called Strike 1-1: Foul Ball, location: 2F 1-2: DOUBLE (Flyball, 78D, EV 96.2 MPH) Ruben Domingues to third
|
|
Batting: LHB Jeremy Nuzzo
|
0-0: Ball 1-0: Called Strike 1-1: Swinging Strike 1-2: Strikes out swinging
|
|
Batting: SHB Eric Kelley
|
0-0: Ball 1-0: Swinging Strike 1-1: Ball 2-1: Fly out, F7 (Flyball, 78D, EV 96.2 MPH)
|
|
Batting: RHB C.J. Wells
|
0-0: Ball 1-0: Called Strike 1-1: Fly out, F4 (Popup, 4S, EV 61.2 MPH)
|
| Top of the 1st over - 0 runs, 2 hits, 0 errors, 2 left on base; Baltimore (APP) 0 - Texas (APP) 0 |
| BOTTOM OF THE 1ST |
|
Texas (APP) Rangers batting - Pitching for Baltimore (APP) Orioles : RHP Bob Bychyk
|
|
Pitching: RHP Bob Bychyk
|
|
|
Batting: SHB Tim Rogers
|
0-0: Ground out 6-3 (Groundball, 6, EV 104.4 MPH)
|
|
Batting: RHB Jerry Foster
|
0-0: Ball 1-0: Swinging Strike 1-1: Ball 2-1: Ball 3-1: Foul Ball, location: 2F 3-2: Base on Balls
|
|
Batting: RHB Luis Reyna
|
0-0: SINGLE (Flyball, 8RS, EV 90.0 MPH) Jerry Foster to second
|
|
Batting: LHB Santino Pisanello
|
0-0: Called Strike 0-1: Ball 1-1: SINGLE (Groundball, 56D, EV 104.4 MPH) (infield hit) Jerry Foster to third Luis Reyna to second
|
|
Batting: RHB Elias Sagrero
|
0-0: Swinging Strike 0-1: Foul Ball, location: 2F 0-2: Ball 1-2: Ball 2-2: Strikes out looking
|
|
Batting: RHB Ron Squires
|
0-0: Called Strike 0-1: Ball 1-1: Foul Ball, location: 2F 1-2: Ball 2-2: Fly out, F4 (Line Drive, 4, EV 67.5 MPH)
|
| Bottom of the 1st over - 0 runs, 2 hits, 0 errors, 3 left on base; Baltimore (APP) 0 - Texas (APP) 0 |
| TOP OF THE 2ND |
|
Baltimore (APP) Orioles batting - Pitching for Texas (APP) Rangers : RHP Rick Madden
|
|
Batting: LHB Edwin Cabral
|
0-0: Called Strike 0-1: Ball 1-1: Foul Ball, location: 2F 1-2: Foul Ball, location: 2F 1-2: Ball 2-2: Foul Ball, location: 2F 2-2: Foul Ball, location: 2F 2-2: Ground out 5-3 (Groundball, 5S, EV 84.4 MPH)
|
|
Batting: RHB Han Caspers
|
0-0: Foul Ball, location: 2F 0-1: Ball 1-1: Foul Ball, location: 2F 1-2: Foul Ball, location: 2F 1-2: Strikes out swinging
|
|
Batting: LHB Ivan Alvarez
|
0-0: Called Strike 0-1: Ball 1-1: Foul Ball, location: 2F 1-2: Ground out 4-3 (Groundball, 4, EV 88.8 MPH)
|
| Top of the 2nd over - 0 runs, 0 hits, 0 errors, 0 left on base; Baltimore (APP) 0 - Texas (APP) 0 |
| BOTTOM OF THE 2ND |
|
Texas (APP) Rangers batting - Pitching for Baltimore (APP) Orioles : RHP Bob Bychyk
|
|
Batting: SHB Albert Ortiz
|
0-0: Ball 1-0: Ball 2-0: Ball 3-0: Called Strike 3-1: Base on Balls
|
|
Batting: LHB Eddie Reyes
|
0-0: Ball 1-0: Ball 2-0: Swinging Strike 2-1: Swinging Strike 2-2: Fielders Choice at 2nd, 4-6 (Groundball, 4, EV 87.5 MPH)
|
|
Batting: RHB Torsten Fisher
|
0-0: Called Strike 0-1: Ball Eddie Reyes steals 2nd base 1-1: Ball 2-1: Ball 3-1: Ground out 6-3 (Groundball, 6, EV 105.0 MPH)
|
|
Batting: SHB Tim Rogers
|
0-0: Ball 1-0: Called Strike 1-1: Ball 2-1: Ball 3-1: Base on Balls
|
|
Batting: RHB Jerry Foster
|
0-0: Ball 1-0: DOUBLE (Line Drive, 78D, EV 113.8 MPH) Eddie Reyes scores Tim Rogers to third Runner from 3rd tries for Home, throw by LF and OUT! 7-6-2
|
| Bottom of the 2nd over - 1 run, 1 hit, 0 errors, 1 left on base; Baltimore (APP) 0 - Texas (APP) 1 |
| TOP OF THE 3RD |
|
Baltimore (APP) Orioles batting - Pitching for Texas (APP) Rangers : RHP Rick Madden
|
|
Batting: RHB Imbart van Rens
|
0-0: Called Strike 0-1: Ball 1-1: Foul Ball, location: 2F 1-2: Ball 2-2: Strikes out swinging
|
|
Batting: RHB Ruben Domingues
|
0-0: Ball 1-0: Called Strike 1-1: Swinging Strike 1-2: Strikes out swinging
|
|
Batting: LHB Xue-liang Zhou
|
0-0: Ball 1-0: Called Strike 1-1: Swinging Strike 1-2: Ball 2-2: Strikes out looking
|
| Top of the 3rd over - 0 runs, 0 hits, 0 errors, 0 left on base; Baltimore (APP) 0 - Texas (APP) 1 |
| BOTTOM OF THE 3RD |
|
Texas (APP) Rangers batting - Pitching for Baltimore (APP) Orioles : RHP Bob Bychyk
|
|
Batting: RHB Luis Reyna
|
0-0: SINGLE (Groundball, 56, EV 95.6 MPH) (infield hit)
|
|
Batting: LHB Santino Pisanello
|
0-0: Ball Luis Reyna is caught stealing 2nd base 2-6 1-0: Ball 2-0: Ground out 4-3 (Groundball, 4, EV 88.1 MPH)
|
|
Batting: RHB Elias Sagrero
|
0-0: Called Strike 0-1: Foul Ball, location: 2F 0-2: Foul Ball, location: 2F 0-2: Ball 1-2: Foul Ball, location: 2F 1-2: Foul Ball, location: 2F 1-2: Ball 2-2: Ball 3-2: SOLO HOME RUN (Flyball, 7D, EV 98.8 MPH), Distance : 387 ft
|
|
Batting: RHB Ron Squires
|
0-0: Called Strike 0-1: Foul Ball, location: 2F 0-2: Strikes out swinging
|
| Bottom of the 3rd over - 1 run, 2 hits, 0 errors, 0 left on base; Baltimore (APP) 0 - Texas (APP) 2 |
| TOP OF THE 4TH |
|
Baltimore (APP) Orioles batting - Pitching for Texas (APP) Rangers : RHP Rick Madden
|
|
Batting: LHB Jeremy Nuzzo
|
0-0: Ball 1-0: Ball 2-0: Ball 3-0: Called Strike 3-1: Called Strike 3-2: Base on Balls
|
|
Batting: SHB Eric Kelley
|
0-0: Ball 1-0: Ball 2-0: 2-RUN HOME RUN (Flyball, 9LD, EV 97.5 MPH), Distance : 373 ft
|
|
Batting: RHB C.J. Wells
|
0-0: Called Strike 0-1: Ground out 6-3 (Groundball, 6, EV 78.8 MPH)
|
|
Batting: LHB Edwin Cabral
|
0-0: Ball 1-0: Foul Ball, location: 2F 1-1: Foul Ball, location: 2F 1-2: Ball 2-2: Strikes out swinging
|
|
Batting: RHB Han Caspers
|
0-0: Called Strike 0-1: Ball 1-1: Foul Ball, location: 2F 1-2: Ball 2-2: Strikes out swinging, 2-3 out at first.
|
| Top of the 4th over - 2 runs, 1 hit, 0 errors, 0 left on base; Baltimore (APP) 2 - Texas (APP) 2 |
| BOTTOM OF THE 4TH |
|
Texas (APP) Rangers batting - Pitching for Baltimore (APP) Orioles : RHP Bob Bychyk
|
|
Batting: SHB Albert Ortiz
|
0-0: SINGLE (Line Drive, 8LS, EV 96.2 MPH)
|
|
Batting: LHB Eddie Reyes
|
0-0: Ball 1-0: Ball 2-0: Ball 3-0: Base on Balls Albert Ortiz to second
|
|
Batting: RHB Torsten Fisher
|
0-0: Called Strike 0-1: Ball 1-1: Ball 2-1: Foul Ball, location: 2F 2-2: Fielders Choice at 2nd, 5-4 (Groundball, 5, EV 83.8 MPH) Albert Ortiz to third
|
|
Batting: SHB Tim Rogers
|
0-0: Ball 1-0: 3-RUN HOME RUN (Flyball, 89XD, EV 103.8 MPH), Distance : 400 ft
|
|
Pitching: LHP Sueo Iba
|
|
|
Batting: RHB Jerry Foster
|
0-0: Ball 1-0: Foul Ball, location: 2F 1-1: Ground out U3 (Groundball, 3, EV 98.1 MPH)
|
|
Batting: RHB Luis Reyna
|
0-0: Ball 1-0: Called Strike 1-1: SOLO HOME RUN (Flyball, 7LD, EV 96.9 MPH), Distance : 365 ft
|
|
Batting: LHB Santino Pisanello
|
0-0: Ball 1-0: Ball 2-0: Foul Ball, location: 2F 2-1: Called Strike 2-2: Foul Ball, location: 2F 2-2: Foul Ball, location: 2F 2-2: Ball 3-2: Base on Balls
|
|
Batting: RHB Elias Sagrero
|
0-0: Called Strike 0-1: Ball 1-1: Ball 2-1: Ball 3-1: Foul Ball, location: 2F 3-2: Strikes out swinging
|
| Bottom of the 4th over - 4 runs, 3 hits, 0 errors, 1 left on base; Baltimore (APP) 2 - Texas (APP) 6 |
| TOP OF THE 5TH |
|
Baltimore (APP) Orioles batting - Pitching for Texas (APP) Rangers : RHP Rick Madden
|
|
Batting: LHB Ivan Alvarez
|
0-0: Ball 1-0: Ball 2-0: Ball 3-0: Base on Balls
|
|
Batting: RHB Imbart van Rens
|
0-0: Ball 1-0: SINGLE (Groundball, 56S, EV 69.4 MPH) (infield hit) Ivan Alvarez to second
|
|
Batting: RHB Ruben Domingues
|
0-0: Ball 1-0: Fly out, F7 (Line Drive, 7S, EV 105.6 MPH)
|
|
Batting: LHB Xue-liang Zhou
|
0-0: Ball 1-0: Called Strike Ivan Alvarez steals 3rd base 1-1: Ball Imbart van Rens is caught stealing 2nd base 2-6 2-1: Foul Ball, location: 2F 2-2: Ball 3-2: Foul Ball, location: 2F 3-2: Ground out 1-3 (Groundball, 34S, EV 66.2 MPH)
|
| Top of the 5th over - 0 runs, 1 hit, 0 errors, 1 left on base; Baltimore (APP) 2 - Texas (APP) 6 |
| BOTTOM OF THE 5TH |
|
Texas (APP) Rangers batting - Pitching for Baltimore (APP) Orioles : LHP Sueo Iba
|
|
Batting: RHB Ron Squires
|
0-0: Ball 1-0: Called Strike 1-1: Foul Ball, location: 2F 1-2: Fly out, F7 (Flyball, 78M, EV 85.0 MPH)
|
|
Batting: SHB Albert Ortiz
|
0-0: Foul Ball, location: 2F 0-1: Fly out, F4 (Line Drive, 4, EV 66.2 MPH)
|
|
Batting: LHB Eddie Reyes
|
0-0: Ball 1-0: Ball 2-0: Called Strike 2-1: Foul Ball, location: 2F 2-2: Ball 3-2: Foul Ball, location: 2F 3-2: Base on Balls
|
|
Batting: RHB Torsten Fisher
|
0-0: Called Strike Eddie Reyes steals 2nd base 0-1: Foul Ball, location: 2F 0-2: Ball 1-2: Ball 2-2: Strikes out swinging
|
| Bottom of the 5th over - 0 runs, 0 hits, 0 errors, 1 left on base; Baltimore (APP) 2 - Texas (APP) 6 |
| TOP OF THE 6TH |
|
Baltimore (APP) Orioles batting - Pitching for Texas (APP) Rangers : RHP Rick Madden
|
|
Batting: LHB Jeremy Nuzzo
|
0-0: Ball 1-0: Ball 2-0: Ball 3-0: Base on Balls
|
|
Batting: SHB Eric Kelley
|
0-0: Ball 1-0: Ball 2-0: Ball 3-0: Base on Balls Jeremy Nuzzo to second
|
|
Batting: RHB C.J. Wells
|
0-0: Called Strike 0-1: Foul Ball, location: 2F 0-2: Foul Ball, location: 2F 0-2: Foul Ball, location: 2F 0-2: Foul Ball, location: 2F 0-2: Strikes out looking
|
|
Pitching: RHP Tamirat Abboud
|
|
|
Batting: LHB Edwin Cabral
|
0-0: Foul Ball, location: 2F 0-1: Ball 1-1: Ball 2-1: Ball 3-1: Swinging Strike 3-2: Strikes out looking
|
|
Batting: RHB Han Caspers
|
0-0: Called Strike 0-1: Ball 1-1: Ball 2-1: Foul Ball, location: 2F 2-2: Ball 3-2: Strikes out swinging
|
| Top of the 6th over - 0 runs, 0 hits, 0 errors, 2 left on base; Baltimore (APP) 2 - Texas (APP) 6 |
| BOTTOM OF THE 6TH |
|
Texas (APP) Rangers batting - Pitching for Baltimore (APP) Orioles : LHP Sueo Iba
|
|
Batting: SHB Tim Rogers
|
0-0: Ball 1-0: Called Strike 1-1: Ball 2-1: Swinging Strike 2-2: Ball 3-2: Strikes out swinging
|
|
Batting: RHB Jerry Foster
|
0-0: Called Strike 0-1: Swinging Strike 0-2: Ball 1-2: Strikes out swinging
|
|
Batting: RHB Luis Reyna
|
0-0: Called Strike 0-1: Ball 1-1: Ball 2-1: Ground out U3 (Groundball, 34, EV 100.6 MPH)
|
| Bottom of the 6th over - 0 runs, 0 hits, 0 errors, 0 left on base; Baltimore (APP) 2 - Texas (APP) 6 |
| TOP OF THE 7TH |
|
Baltimore (APP) Orioles batting - Pitching for Texas (APP) Rangers : RHP Tamirat Abboud
|
|
Batting: LHB Ivan Alvarez
|
0-0: Swinging Strike 0-1: Foul Ball, location: 2F 0-2: Strikes out swinging
|
|
Batting: RHB Imbart van Rens
|
0-0: Ball 1-0: Ball 2-0: Swinging Strike 2-1: Foul Ball, location: 2F 2-2: Strikes out swinging
|
|
Batting: RHB Ruben Domingues
|
0-0: Called Strike 0-1: Ground out 2-3 (Groundball, 2L, EV 68.8 MPH)
|
| Top of the 7th over - 0 runs, 0 hits, 0 errors, 0 left on base; Baltimore (APP) 2 - Texas (APP) 6 |
| BOTTOM OF THE 7TH |
|
Texas (APP) Rangers batting - Pitching for Baltimore (APP) Orioles : LHP Sueo Iba
|
|
Batting: LHB Santino Pisanello
|
0-0: Called Strike 0-1: Swinging Strike 0-2: Strikes out swinging
|
|
Batting: RHB Elias Sagrero
|
0-0: Swinging Strike 0-1: Foul Ball, location: 2F 0-2: Ball 1-2: Ball 2-2: Strikes out swinging
|
|
Batting: RHB Ron Squires
|
0-0: Ball 1-0: Ball 2-0: Ball 3-0: Called Strike 3-1: Base on Balls
|
|
Pitching: RHP Justin Swanson
|
|
|
Batting: SHB Albert Ortiz
|
0-0: Ball 1-0: Ball 2-0: Ball 3-0: Base on Balls Ron Squires to second
|
|
Batting: LHB Eddie Reyes
|
0-0: Ball Wild Pitch! Ron Squires to third Albert Ortiz to second 1-0: Called Strike 1-1: Swinging Strike 1-2: Ball 2-2: Foul Ball, location: 2F 2-2: Hit by Pitch
|
|
Batting: RHB Torsten Fisher
|
0-0: Ball 1-0: Foul Ball, location: 2F 1-1: SINGLE (Groundball, 34D, EV 97.5 MPH) Ron Squires scores Albert Ortiz to third Eddie Reyes to second Runner from 3rd tries for Home, throw by RF and OUT! 9-2
|
| Bottom of the 7th over - 1 run, 1 hit, 0 errors, 2 left on base; Baltimore (APP) 2 - Texas (APP) 7 |
| TOP OF THE 8TH |
|
Baltimore (APP) Orioles batting - Pitching for Texas (APP) Rangers : RHP Tamirat Abboud
|
|
Batting: LHB Xue-liang Zhou
|
0-0: Ground out U3 (Groundball, 34S, EV 78.1 MPH)
|
|
Batting: LHB Jeremy Nuzzo
|
0-0: Foul Ball, location: 2F 0-1: Fly out, F3 (Line Drive, 3L, EV 75.0 MPH)
|
|
Batting: SHB Eric Kelley
|
0-0: Called Strike 0-1: Ball 1-1: Foul Ball, location: 2F 1-2: Foul Ball, location: 2F 1-2: Strikes out swinging
|
| Top of the 8th over - 0 runs, 0 hits, 0 errors, 0 left on base; Baltimore (APP) 2 - Texas (APP) 7 |
| BOTTOM OF THE 8TH |
|
Texas (APP) Rangers batting - Pitching for Baltimore (APP) Orioles : RHP Justin Swanson
|
|
Batting: SHB Tim Rogers
|
0-0: Ball 1-0: Called Strike 1-1: DOUBLE (Line Drive, 3D, EV 103.8 MPH) - OUT at third base trying to stretch hit.
|
|
Batting: RHB Jerry Foster
|
0-0: Ball 1-0: SINGLE (Groundball, 6MD, EV 106.9 MPH)
|
|
Batting: RHB Luis Reyna
|
0-0: Ball 1-0: Ball 2-0: Swinging Strike 2-1: Fielders Choice at 2nd, 5-4 (Groundball, 56, EV 108.1 MPH)
|
|
Batting: LHB Santino Pisanello
|
0-0: Ball 1-0: Swinging Strike 1-1: Called Strike 1-2: Strikes out swinging
|
| Bottom of the 8th over - 0 runs, 2 hits, 0 errors, 1 left on base; Baltimore (APP) 2 - Texas (APP) 7 |
| TOP OF THE 9TH |
|
Baltimore (APP) Orioles batting - Pitching for Texas (APP) Rangers : RHP Tamirat Abboud
|
|
Batting: RHB C.J. Wells
|
0-0: Ground out 5-3 (Groundball, 56S, EV 85.0 MPH)
|
|
Batting: LHB Edwin Cabral
|
0-0: Ball 1-0: Swinging Strike 1-1: Foul Ball, location: 2F 1-2: Ball 2-2: Foul Ball, location: 2F 2-2: Strikes out looking
|
|
Batting: RHB Han Caspers
|
0-0: Foul Ball, location: 2F 0-1: Ball 1-1: Foul Ball, location: 2F 1-2: Foul Ball, location: 2F 1-2: Ball 2-2: Strikes out swinging
|
| Top of the 9th over - 0 runs, 0 hits, 0 errors, 0 left on base; Baltimore (APP) 2 - Texas (APP) 7 |
|